 Dungeon Crawl Stone Soup version 0.17.1-3-g152610e (webtiles) character file.

426 kaze the Ducker (level 6, -1/47 HPs)
             Began as a Demonspawn Gladiator on Mar 9, 2016.
             Was an Initiate of Trog.
             Slain by a river rat (4 damage)
             ... summoned by Eustachio
             ... on level 4 of the Dungeon.
             The game lasted 00:07:32 (3833 turns).

kaze the Ducker (Demonspawn Gladiator)              Turns: 3833, Time: 00:07:33

Health: -1/47      AC:  6    Str: 17      XL:     6   Next: 64%
Magic:  6/6        EV:  9    Int:  9      God:    Trog [......]
Gold:   122        SH: 11    Dex: 13 (14) Spells: 0 memorised, 5 levels left

rFire  . . .     SeeInvis .     a - +0 war axe
rCold  . . .     Clarity  .     b - +0 leather armour
rNeg   . . .     SustAt   .     r - +0 large shield
rPois  .         Gourm    .     c - +0 helmet
rElec  .         Spirit   .     (no cloak)
rCorr  .         Warding  .     (no gloves)
rMut   .         Stasis   .     (no boots)
MR     .....                    (no amulet)
Stlth  +.........               (no ring)
                                (no ring)

@: not resistant to hostile enchantments, very unstealthy
A: hooves 2, thin metallic scales 1
a: Burn Spellbooks, Renounce Religion


You were on level 4 of the Dungeon.
You worshipped Trog.
Trog was noncommittal.
You were not hungry.

You visited 1 branch of the dungeon, and saw 4 of its levels.

You collected 122 gold pieces.

Inventory:

Hand Weapons
 a - a +0 war axe (weapon)
Missiles
 d - 3 throwing nets (quivered)
Armour
 b - a +0 leather armour (worn)
 c - a +0 helmet (worn)
 r - a +0 large shield (worn)
Jewellery
 h - an uncursed amulet of guardian spirit {unknown}
Scrolls
 f - 2 scrolls of identify {unknown}
 g - a scroll of random uselessness {unknown}
 l - a scroll of enchant armour {unknown}
 m - a scroll of noise {unknown}
 o - 2 scrolls of immolation {unknown}
 q - a scroll of recharging {unknown}
Potions
 k - a potion of might
 n - 2 potions of curing {unknown}
 p - a potion of mutation {unknown}
 s - a potion of degeneration {unknown}
 t - a potion of poison {unknown}
Comestibles
 e - 2 bread rations
 i - 4 meat rations
 j - 2 fruits
 u - a beef jerky


   Skills:
 + Level 3.1 Fighting
 + Level 4.0 Axes
 + Level 1.8 Throwing
 + Level 2.4 Armour
 + Level 4.5 Dodging
 + Level 1.3 Stealth
 + Level 0.8 Shields


You had 5 spell levels left.
You didn't know any spells.

Dungeon Overview and Level Annotations

Branches:
Dungeon (4/15)
 Temple: D:4-7

Altars:
Ashenzari
Okawaru
Trog
Xom

Annotations:
D:4 Eustachio


Innate Abilities, Weirdness & Mutations

You have hoof-like feet.
You are partially covered in thin metallic scales (AC +2).


Message History

You kick the river rat, but do no damage.
The river rat is lightly wounded.
The river rat bites you.
* * * LOW HITPOINT WARNING * * *
The river rat bites you but does no damage.
You slash the river rat! You kick the river rat.
The river rat is severely wounded.
The bat disappears in a puff of smoke!
You block the river rat's attack.
You closely miss the river rat. Your kick misses the river rat.
The river rat is severely wounded.
You block the river rat's attack. The river rat barely misses you.
You closely miss the river rat.
The river rat is severely wounded.
The river rat bites you.
* * * LOW HITPOINT WARNING * * *
You closely miss the river rat.
You kick the river rat, but do no damage.
The river rat is severely wounded.
The river rat bites you.
You die...

########## #########
#........# #.rr@...#
#.######.###.#####.#
#...b@b...##.#####.#####
#b######.r.............#
#.# #......#.#.###.###.#
#r# #.##..##....##.# #.#
#b###.##..##.....#.# #.#
#@5.......##.......# #.#
##........#####.#######.###


You could see a river rat and a rat.

Vanquished Creatures
  Sigmund (D:2)
  3 orc wizards
  A worker ant (D:4)
  A hound skeleton (D:4)
  4 gnolls (D:3)
  An adder (D:2)
  An adder skeleton (D:4)
  6 worms
  4 giant geckos
  6 orcs
  A ball python (D:3)
  5 bats
  3 giant cockroaches (D:1)
  11 hobgoblins
  6 jackals
  7 kobolds
  A quokka (D:2)
  5 giant newts
  3 goblins
  3 rats (D:1)
73 creatures vanquished.

Vanquished Creatures (others)
  2 orc wizards (D:3)
2 creatures vanquished.

Grand Total: 75 creatures vanquished

Notes
Turn   | Place    | Note
--------------------------------------------------------------
     0 | D:1      | kaze the Demonspawn Gladiator began the quest for the Orb.
     0 | D:1      | Reached XP level 1. HP: 16/16 MP: 1/1
    68 | D:1      | Gained mutation: You are partially covered in thin metallic scales (AC +2). [demonic ancestry]
    68 | D:1      | Reached XP level 2. HP: 20/22 MP: 2/2
   175 | D:1      | Reached skill level 3 in Dodging
   407 | D:1      | Found a shattered altar of Ashenzari.
   835 | D:2      | Gained mutation: You have large cloven feet. [demonic ancestry]
   835 | D:2      | Reached XP level 3. HP: 23/27 MP: 3/3
  1056 | D:2      | Noticed Sigmund
  1077 | D:2      | Killed Sigmund
  1077 | D:2      | Reached skill level 1 in Armour
  1077 | D:2      | Reached skill level 4 in Dodging
  1077 | D:2      | Reached skill level 1 in Stealth
  1077 | D:2      | Reached XP level 4. HP: 4/34 MP: 4/4
  1077 | D:2      | Gained mutation: You have hoof-like feet. [demonic ancestry]
  1077 | D:2      | Reached XP level 5. HP: 4/39 MP: 5/5
  2426 | D:3      | Reached XP level 6. HP: 35/47 MP: 6/6
  2574 | D:3      | Found a shimmering altar of Xom.
  2574 | D:3      | Found a bloodstained altar of Trog.
  2578 | D:3      | Became a worshipper of Trog the Wrathful
  3040 | D:4      | Found an iron altar of Okawaru.
  3639 | D:4      | Noticed Eustachio
  3833 | D:4      | Slain by a river rat

Action                   |  1- 3 |  4- 6 || total
-------------------------+-------+-------++-------
Melee: War axe           |    87 |   241 ||   328
Throw: Throwing net      |       |     1 ||     1
 Stab: Sleeping          |     2 |       ||     2
  Eat: Chunk             |     1 |     3 ||     4
       Royal jelly       |       |     1 ||     1
       Bread ration      |       |     1 ||     1
